[Event "Titled Tuesday Blitz July 26 Late 2022"]
[White "Melikhov, Evgeny V."]
[Black "Pfreundt, Jakob"]
[WhiteFideId "4122046"]
[BlackFideId "12918156"]
[WhiteElo "1995"]
[BlackElo "2345"]
[Result "0-1"]
[Round "08"]
[TimeControl "180+1"]
[Date "2022.07.27"]
[WhiteClock "0:00:07"]
[BlackClock "0:00:09"]

1. d4 d5 2. c4 e6 3. Nc3 c5 4. cxd5 exd5 5. Nf3 Nc6 6. g3 Nf6 7. Bg2 c4 8. O-O Be7 9. Re1 O-O 10. Ne5 Be6 11. e4 dxe4 12. Nxc6 bxc6 13. Nxe4 Bd5 14. Nxf6+ Bxf6 15. Be3 Rb8 16. Rb1 Qa5 17. a3 Rfd8 18. Bd2 Qb6 19. Bc3 g6 20. Qd2 Bxg2 21. Kxg2 Bxd4 22. Rbd1 c5 23. Qg5 Qc6+ 24. f3 Rd5 25. Qf4 Rbd8 26. Qe4 Qd6 27. Qe2 Bxc3 28. Rxd5 Qxd5 29. bxc3 Qd3 30. Qe5 h5 31. h4 Kh7 32. Re3 Qd2+ 33. Re2 Qd3 34. Re3 Qd5 35. Qxd5 Rxd5 36. Re7 Kg7 37. Rxa7 Rd2+ 38. Kh3 Rd3 39. f4 Rxc3 40. Rc7 Rxa3 41. Rxc5 Rc3 42. Rc6 Rc2 43. Rc7 c3 44. Rc6 Kf8 45. Rc7 Ke8 46. Rc4 Ke7 47. Rc5 Kd6 48. Rc8 Kd5 49. Rf8 Rd2 50. Rxf7 c2 51. Rc7 Ke4 52. Re7+ Kd3 53. Rd7+ Ke2 54. Re7+ Kd1 55. Rc7 c1=Q 56. Rxc1+ Kxc1 0-1


[Site "https://www.chess.com"]

[Event "Titled Tuesday Blitz July 26 Late 2022"]
[White "Nagy, Gabor"]
[Black "Fedoseev, Vladimir"]
[WhiteFideId "737119"]
[BlackFideId "24130737"]
[WhiteElo "2530"]
[BlackElo "2726"]
[Result "0-1"]
[Round "08"]
[TimeControl "180+1"]
[Date "2022.07.26"]
[WhiteClock "0:00:01"]
[BlackClock "0:00:06"]

1. Nf3 d5 2. g3 Nd7 3. c4 dxc4 4. Qa4 a6 5. Qxc4 b5 6. Qc6 Rb8 7. Bg2 Bb7 8. Qc2 Ngf6 9. O-O c5 10. d3 e6 11. a4 Bd6 12. Na3 Bc6 13. axb5 axb5 14. e4 O-O 15. b4 Rc8 16. bxc5 Bxc5 17. Qe2 b4 18. Nc4 Bb5 19. Bb2 Bxc4 20. dxc4 Nb6 21. Kh1 Qc7 22. e5 Nfd7 23. Ng5 Be7 24. Nxh7 Kxh7 25. Qh5+ Kg8 26. Be4 f5 27. exf6 Nxf6 28. Bxf6 Rxf6 29. Qh7+ Kf7 30. Qh5+ g6 31. Qh7+ Ke8 32. Bxg6+ Kd8 33. Rad1+ Nd7 34. Be4 Qc5 35. Rd2 Kc7 36. Rfd1 Rd8 37. Kg2 Nf8 38. Qg7 Rxd2 39. Rxd2 Nd7 40. f3 b3 41. h4 Bd6 42. Kh3 Qxc4 43. Qg5 Qf1+ 44. Kg4 Ne5+ 45. Kh5 Rxf3 46. Rxd6 Kxd6 47. Qd8+ Nd7 48. Qa8 Rf5+ 49. Kg6 Rb5 50. Qa6+ Ke7 51. Qa3+ Nc5 52. Qa7+ Kd6 53. Ba8 b2 54. Qg7 b1=Q+ 55. Kh6 Qff5 56. Qf8+ Qxf8+ 0-1


[Site "https://www.chess.com"]

[Event "Titled Tuesday Blitz July 26 Late 2022"]
[White "Nakamura, Hikaru"]
[Black "Lashkin, Jegor"]
[WhiteFideId "2016192"]
[BlackFideId "13907808"]
[WhiteElo "2850"]
[BlackElo "2368"]
[Result "1-0"]
[Round "08"]
[TimeControl "180+1"]
[Date "2022.07.26"]
[WhiteClock "0:01:38"]
[BlackClock "0:00:22"]

1. g3 d5 2. Bg2 g6 3. d3 Bg7 4. Nc3 d4 5. Ne4 Nc6 6. Nf3 Nf6 7. Nxf6+ exf6 8. c4 O-O 9. O-O f5 10. Rb1 a5 11. a3 a4 12. b4 axb3 13. Rxb3 Re8 14. Bf4 Qe7 15. Qc1 Ra7 16. e3 Qd8 17. Re1 b6 18. c5 Be6 19. Rb1 Bd5 20. cxb6 cxb6 21. Rb5 Ra5 22. Rxd5 Qxd5 23. Nxd4 Qa2 24. Qxc6 Raa8 25. Qxb6 Rab8 26. Bxb8 1-0


[Site "https://www.chess.com"]

[Event "Titled Tuesday Blitz July 26 Late 2022"]
[White "Oro, Luis"]
[Black "Hjartarson, Johann"]
[WhiteFideId "104094"]
[BlackFideId "2300044"]
[WhiteElo "2372"]
[BlackElo "2458"]
[Result "0-1"]
[Round "08"]
[TimeControl "180+1"]
[Date "2022.07.27"]
[WhiteClock "0:00:15"]
[BlackClock "0:00:36"]

1. e4 Nf6 2. e5 Nd5 3. d4 d6 4. Nf3 Bg4 5. Be2 e6 6. c4 Nb6 7. exd6 cxd6 8. b3 Be7 9. O-O O-O 10. Be3 d5 11. c5 Bxf3 12. Bxf3 Nc8 13. Nc3 Nc6 14. a3 Bf6 15. b4 a6 16. Qd3 N8e7 17. Ne2 e5 18. Bg4 g6 19. Bh6 Re8 20. Rad1 exd4 21. Bf4 Bg7 22. Bd6 b5 23. Nf4 Ne5 24. Qg3 Nxg4 25. Qxg4 Nf5 26. Nxd5 Nxd6 27. cxd6 Qxd6 28. Qf3 Rac8 29. g3 Red8 30. Nf4 Rc3 31. Qb7 Rxa3 32. Rfe1 d3 33. Re3 Qxb4 34. Rexd3 Raxd3 35. Rxd3 Rxd3 36. Nxd3 Qb1+ 0-1


[Site "https://www.chess.com"]

[Event "Titled Tuesday Blitz July 26 Late 2022"]
[White "Ozer, Omer Faruk"]
[Black "Kravtsiv, Martyn"]
[WhiteFideId "6354564"]
[BlackFideId "14113147"]
[WhiteElo "2050"]
[BlackElo "2694"]
[Result "0-1"]
[Round "08"]
[TimeControl "180+1"]
[Date "2022.07.26"]
[WhiteClock "0:00:03"]
[BlackClock "0:00:42"]

1. e4 e6 2. d3 d5 3. Nd2 Ne7 4. Ngf3 g6 5. g3 Bg7 6. Bg2 c5 7. O-O Nbc6 8. Re1 O-O 9. Nf1 b6 10. e5 Bb7 11. h4 d4 12. h5 Qc7 13. h6 Bh8 14. Qe2 Nf5 15. N1h2 Nce7 16. Ng4 Nd5 17. Bg5 Rae8 18. Nd2 f6 19. exf6 Nxf6 20. Bxf6 Bxf6 21. Bxb7 Qxb7 22. Ne4 Bd8 23. a4 Qd5 24. c4 dxc3 25. bxc3 e5 26. Rad1 Qc6 27. a5 b5 28. Qa2+ Rf7 29. Nd2 Bc7 30. Ne4 Bd8 31. Nd2 Qe6 32. Qxe6 Rxe6 33. Ne4 Rc7 34. Ne3 Nxh6 35. Nd5 Rcc6 36. c4 b4 37. f4 exf4 38. gxf4 Nf5 39. Kg2 h6 40. Ng3 Nxg3 41. Kxg3 Kf7 42. Rxe6 Rxe6 43. Rh1 Kg7 44. Kg4 h5+ 45. Kf3 Bxa5 46. f5 gxf5 47. Rxh5 b3 48. Nf4 Re1 49. Rh2 Bc3 50. Nd5 Bd4 51. Rg2+ Kf7 0-1


[Site "https://www.chess.com"]

[Event "Titled Tuesday Blitz July 26 Late 2022"]
[White "Pakleza, Zbigniew"]
[Black "Riehle, Marco"]
[WhiteFideId "1119290"]
[BlackFideId "12904392"]
[WhiteElo "2467"]
[BlackElo "2462"]
[Result "1-0"]
[Round "08"]
[TimeControl "180+1"]
[Date "2022.07.26"]
[WhiteClock "0:00:06"]
[BlackClock "0:00:04"]

1. d4 d5 2. Bf4 e6 3. e3 Bd6 4. Bg3 Nf6 5. Nd2 O-O 6. Ngf3 c5 7. c3 Nc6 8. Bd3 Re8 9. Ne5 Bxe5 10. dxe5 Nd7 11. Nf3 Qc7 12. O-O g6 13. Bb5 a6 14. Bxc6 Qxc6 15. Re1 b5 16. e4 Bb7 17. exd5 Qxd5 18. Qc1 Kg7 19. Bh4 h6 20. Qf4 Qc4 21. Bf6+ Nxf6 22. Qxf6+ Kg8 23. Rad1 Bd5 24. Re3 Qg4 25. a3 Rad8 26. Red3 Bxf3 27. Qxf3 Qxf3 28. gxf3 Rxd3 29. Rxd3 g5 30. Rd6 Ra8 31. f4 Kg7 32. fxg5 hxg5 33. Kg2 Kg6 34. Kf3 Kf5 35. Rd7 Rf8 36. Ra7 Kxe5 37. Rxa6 Rh8 38. Kg3 Rd8 39. Rb6 Rd3+ 40. Kg2 Rd2 41. Rxb5 f5 42. a4 Kf4 43. a5 e5 44. a6 Rd1 45. Ra5 Rd8 46. Rxc5 Ra8 47. Ra5 e4 48. b4 Kg4 49. b5 f4 50. b6 f3+ 51. Kf1 Rh8 52. a7 Rxh2 53. Ke1 e3 54. fxe3 Rh1+ 55. Kd2 Rh2+ 56. Kd3 f2 57. Ra1 Rh8 58. Rf1 Rd8+ 59. Ke2 Kg3 60. Rxf2 Rc8 61. Rf3+ Kg4 62. b7 Rxc3 63. b8=Q Rc2+ 64. Kd3 Rg2 65. Rf6 Kh3 66. Qc8+ Kg3 67. a8=Q g4 68. Qab8+ Kh3 69. Rh6# 1-0


[Site "https://www.chess.com"]

[Event "Titled Tuesday Blitz July 26 Late 2022"]
[White "Pesotskiy, Mikhail"]
[Black "Kovacevic, Radmila"]
[WhiteFideId "34164453"]
[BlackFideId "933171"]
[WhiteElo "2010"]
[BlackElo "2157"]
[Result "1-0"]
[Round "08"]
[TimeControl "180+1"]
[Date "2022.07.27"]
[WhiteClock "0:01:32"]
[BlackClock "0:00:18"]

1. d4 e5 2. dxe5 Nc6 3. Nf3 Qe7 4. Bf4 Qb4+ 5. Bd2 Qxb2 6. Nc3 Bb4 7. Rb1 Qxc3 8. Bxc3 Bxc3+ 9. Nd2 Bxe5 10. e3 Nge7 11. Bd3 d5 12. O-O O-O 13. Nf3 Bd6 14. c4 h6 15. Qe2 Rb8 16. Rfc1 Nb4 17. cxd5 Nexd5 18. Bc4 Be6 19. Nd4 Bd7 20. a3 Nb6 21. axb4 Nxc4 22. Qxc4 a6 23. b5 a5 24. b6 cxb6 25. Rxb6 Rfc8 26. Qf1 Rxc1 27. Qxc1 Rc8 28. Qxc8+ Bxc8 29. Rxd6 Kh7 30. Rd8 Bg4 31. Rb8 a4 32. Rxb7 h5 33. Ra7 Bd1 34. Kf1 f6 35. Ke1 Bb3 36. Nxb3 axb3 37. Rb7 b2 38. Rxb2 Kg6 39. Rb5 h4 40. Ke2 Kh6 41. g3 hxg3 42. fxg3 g5 43. h4 gxh4 44. gxh4 Kg6 45. Kf3 f5 46. Kf4 Kh5 47. Rxf5+ Kxh4 48. e4 Kh3 49. Rg5 Kh4 50. e5 Kh3 51. Rg7 Kh4 52. Rh7# 1-0


[Site "https://www.chess.com"]

[Event "Titled Tuesday Blitz July 26 Late 2022"]
[White "Pham, Khoi"]
[Black "Jian, Alex"]
[WhiteFideId "1054988"]
[BlackFideId "30901022"]
[WhiteElo "2315"]
[BlackElo "2095"]
[Result "0-1"]
[Round "08"]
[TimeControl "180+1"]
[Date "2022.07.27"]
[WhiteClock "0:00:07"]
[BlackClock "0:00:04"]

1. d4 d5 2. c4 c6 3. Nf3 Nf6 4. Nc3 dxc4 5. a4 Bf5 6. Ne5 Nbd7 7. Nxc4 Qc7 8. g3 e5 9. dxe5 Nxe5 10. Bf4 Nfd7 11. Bg2 g5 12. Ne3 gxf4 13. Nxf5 O-O-O 14. Qc2 Nc5 15. b4 Ne6 16. b5 cxb5 17. axb5 Bb4 18. O-O Qxc3 19. Qe4 Nc5 20. Qxf4 Ne6 21. Qe4 Nc5 22. Qh4 Kb8 23. Rfc1 Qd2 24. Qe7 Ned7 25. Rd1 Qc3 26. Rac1 Qf6 27. Rxd7 Qxe7 28. Rxe7 Rhe8 29. Rxf7 Rxe2 30. h4 b6 31. Rxh7 Nd7 32. h5 Bc5 33. Rf1 Rf8 34. g4 Nf6 35. Rg7 Nxg4 36. Rxg4 Rxf5 37. h6 Rexf2 38. Rxf2 Rxf2 39. Kh1 Rf6 40. Rh4 Rf7 41. h7 Bd4 42. Be4 Bh8 43. Rh6 Re7 44. Bg6 Rg7 45. Bf5 Re7 46. Bg6 Re6 47. Bf5 Rxh6+ 48. Kg2 Rf6 49. Kf3 Rxf5+ 0-1


[Site "https://www.chess.com"]

[Event "Titled Tuesday Blitz July 26 Late 2022"]
[White "Rastbod, Ali"]
[Black "Mica, Marek"]
[WhiteFideId "12567477"]
[BlackFideId "382884"]
[WhiteElo "2135"]
[BlackElo "2100"]
[Result "1/2-1/2"]
[Round "08"]
[TimeControl "180+1"]
[Date "2022.07.27"]
[WhiteClock "0:00:10"]
[BlackClock "0:00:15"]

1. e4 c6 2. Nc3 d5 3. Qe2 dxe4 4. Nxe4 Bf5 5. d3 e6 6. g4 Bg6 7. h4 h5 8. g5 Nd7 9. Nh3 Bxe4 10. dxe4 g6 11. Be3 Bg7 12. O-O-O Qa5 13. Kb1 Ne7 14. f4 Qb4 15. Bc1 Nc5 16. e5 Nd5 17. Qc4 Qxc4 18. Bxc4 Bf8 19. Nf2 Be7 20. c3 O-O-O 21. Kc2 b5 22. Be2 Kc7 23. Bd2 Rd7 24. b4 Nb7 25. Ne4 a5 26. a3 Ra8 27. Kb3 Nb6 28. Bc1 Rad8 29. Rxd7+ Rxd7 30. Rf1 Nd5 31. Rf2 Kb6 32. Bf1 c5 33. bxc5+ Nxc5+ 34. Nxc5 Bxc5 35. Rf3 Ne7 36. Kc2 Nf5 37. Rh3 b4 38. axb4 axb4 39. cxb4 Bxb4 40. Bd3 Nd4+ 41. Kb1 Bc5 42. Bb2 Nf5 43. Be4 Bd4 44. Rb3+ Kc5 45. Rd3 Kc4 46. Bxf5 exf5 47. Kc2 Kc5 48. Rd2 Rd5 49. Ba3+ Kc4 50. Rd3 Bc5 51. Rc3+ Kd4 52. Bb2 Ke4 53. Rc4+ Kf3 54. Bc3 Be3 55. Rc7 Bxf4 56. Rxf7 Bxe5 57. Bxe5 Rxe5 58. Rf6 Kg4 59. Rxg6 Kxh4 60. Rg8 f4 61. Kd3 Rxg5 62. Rf8 Kg4 63. Ke4 f3 64. Rf4+ Kh3 65. Rxf3+ Rg3 66. Rf8 h4 67. Kf4 Rg4+ 68. Kf3 Rg3+ 69. Kf2 Rg4 70. Rf3+ Rg3 71. Rf8 Kh2 72. Rh8 h3 73. Rh6 Rg2+ 74. Kf1 Ra2 75. Rh7 Ra1+ 76. Kf2 Ra2+ 77. Kf1 Kg3 78. Rg7+ Kf3 79. Rf7+ Ke3 80. Kg1 h2+ 81. Kh1 Ra1+ 82. Kxh2 Ra2+ 83. Kg3 Ke4 84. Re7+ Kd5 85. Kf3 Kc5 86. Re5+ Kb4 87. Re2 Kb3 88. Re3+ Kb2 89. Re8 Kb3 90. Ke3 Kb2 91. Kd3 Ra3+ 92. Kd2 Rh3 93. Rb8+ Ka3 94. Kc2 Rh2+ 95. Kc3 Rh3+ 96. Kc4 Rh4+ 97. Kd3 Rh3+ 98. Kc2 Rh2+ 99. Kc3 Rh3+ 100. Kc2 1/2-1/2


[Site "https://www.chess.com"]

[Event "Titled Tuesday Blitz July 26 Late 2022"]
[White "Rego, Pedro Filipe"]
[Black "Zeynalli, Rashad"]
[WhiteFideId "1904310"]
[BlackFideId "13403320"]
[WhiteElo "2125"]
[BlackElo "2125"]
[Result "1-0"]
[Round "08"]
[TimeControl "180+1"]
[Date "2022.07.27"]
[WhiteClock "0:00:05"]
[BlackClock "0:00:02"]

1. d4 d5 2. Bf4 c5 3. e3 cxd4 4. exd4 Nc6 5. c3 Bf5 6. Bd3 Bxd3 7. Qxd3 e6 8. Nf3 Bd6 9. Bxd6 Qxd6 10. O-O Nge7 11. Nbd2 O-O 12. Rfe1 Ng6 13. g3 Rab8 14. a4 Rfc8 15. h4 h6 16. h5 Nge7 17. Ne5 Nxe5 18. Rxe5 Nc6 19. Re2 Na5 20. Nf3 Nc4 21. Ne5 Nxe5 22. Rxe5 a6 23. a5 b5 24. axb6 Rxb6 25. Ra2 a5 26. Re2 Rcb8 27. Rxa5 Rxb2 28. Rxb2 Rxb2 29. Ra8+ Rb8 30. Qa6 Qxa6 31. Rxa6 Rc8 32. Ra3 g6 33. hxg6 fxg6 34. Kf1 h5 35. Ke2 Kf7 36. Kd3 Kf6 37. Ra1 Rb8 38. Ra2 g5 39. Rc2 h4 40. gxh4 gxh4 41. Ke3 Kf5 42. Kf3 Rc8 43. Rc1 Rc7 44. Rc2 e5 45. dxe5 d4 46. e6 dxc3 47. e7 Rxe7 48. Rxc3 Rg7 49. Rc5+ Kg6 50. Kg4 Rf7 51. f4 h3 52. Rg5+ Kf6 53. Rf5+ Ke7 54. Rh5 Rg7+ 55. Kf5 Rg3 56. Rh7+ Kf8 57. Kf6 Kg8 58. Rh4 Ra3 59. f5 Ra6+ 60. Kg5 Ra5 61. Rxh3 Kf7 62. Rh7+ Kf8 63. Rb7 Ra1 64. Kg6 1-0


[Site "https://www.chess.com"]

[Event "Titled Tuesday Blitz July 26 Late 2022"]
[White "Riff, Vincent"]
[Black "Medeiros Jr, Francisco De Assis"]
[WhiteFideId "617776"]
[BlackFideId "2114267"]
[WhiteElo "2369"]
[BlackElo "2020"]
[Result "0-1"]
[Round "08"]
[TimeControl "180+1"]
[Date "2022.07.26"]
[WhiteClock "0:00:16"]
[BlackClock "0:00:17"]

1. d4 d5 2. Bf4 Bf5 3. c4 e6 4. Nc3 Bd6 5. Bxd6 Qxd6 6. Qb3 Nc6 7. c5 Qd7 8. Nf3 Nge7 9. e3 f6 10. Be2 O-O 11. O-O Bg6 12. Rfe1 b6 13. cxb6 axb6 14. Bb5 Qd8 15. e4 Na5 16. Qd1 dxe4 17. Nxe4 Nd5 18. Nc3 Qd6 19. Qe2 Bf7 20. a3 Nf4 21. Qe3 c6 22. Bf1 Nd5 23. Nxd5 exd5 24. b4 Nc4 25. Qc3 b5 26. Nd2 Ra4 27. Nb3 Rfa8 28. Bxc4 dxc4 29. Nc5 R4a7 30. h3 Bd5 31. Re3 Qf4 32. Rae1 Rxa3 33. Qc1 Rxe3 34. Rxe3 Qxd4 35. Kh2 h6 36. Rg3 Kh7 37. Qc2+ Kh8 38. Qg6 Rg8 39. Qh5 Qxf2 40. Nd7 c3 41. Rg6 Qf4+ 42. Kg1 Qe3+ 43. Kh2 Qf4+ 44. Kg1 c2 0-1


[Site "https://www.chess.com"]

[Event "Titled Tuesday Blitz July 26 Late 2022"]
[White "Rustemov, Alexander"]
[Black "Madaminov, Mukhiddin"]
[WhiteFideId "4119002"]
[BlackFideId "14210703"]
[WhiteElo "2807"]
[BlackElo "2011"]
[Result "1-0"]
[Round "08"]
[TimeControl "180+1"]
[Date "2022.07.26"]
[WhiteClock "0:00:16"]
[BlackClock "0:00:01"]

1. d4 Nf6 2. c4 g6 3. Nf3 Bg7 4. g3 d5 5. cxd5 Nxd5 6. Bg2 O-O 7. O-O Nb6 8. Nc3 Nc6 9. e3 e5 10. d5 Na5 11. e4 c6 12. b3 cxd5 13. exd5 e4 14. Nxe4 Bxa1 15. Bg5 f6 16. Bh6 Re8 17. Nfg5 Be5 18. f4 Bd6 19. Qa1 Nd7 20. Ne6 Qe7 21. f5 g5 22. h4 Be5 23. Qd1 Nb6 24. hxg5 Bxe6 25. fxe6 f5 26. Rxf5 Bb2 27. Rf7 Qb4 28. Qh5 Qd4+ 29. Kh2 Nxd5 30. g6 Qh8 31. gxh7+ Qxh7 32. Rxh7 Kxh7 33. Ng5+ Kg8 34. Qf7+ Kh8 35. Qh7# 1-0


[Site "https://www.chess.com"]

[Event "Titled Tuesday Blitz July 26 Late 2022"]
[White "Rychkov, Roman"]
[Black "Isajevsky, Anton"]
[WhiteFideId "30985595"]
[BlackFideId "4142500"]
[WhiteElo "1866"]
[BlackElo "2510"]
[Result "0-1"]
[Round "08"]
[TimeControl "180+1"]
[Date "2022.07.27"]
[WhiteClock "0:00:08"]
[BlackClock "0:00:07"]

1. e4 c5 2. Nf3 d6 3. d4 cxd4 4. Nxd4 Nf6 5. Bd3 e5 6. Nf3 Be7 7. c4 O-O 8. Nc3 Nc6 9. h3 Be6 10. Be3 Qb8 11. O-O Rc8 12. b3 Bd8 13. Rc1 Ba5 14. Bb1 a6 15. Nd5 Bxd5 16. exd5 Ne7 17. Bg5 Ng6 18. Bxf6 gxf6 19. Nd2 Bxd2 20. Qxd2 Kh8 21. f4 exf4 22. Rxf4 Nxf4 23. Qxf4 Rg8 24. Qxf6+ Rg7 25. Re1 Qf8 26. Re4 Re8 27. Rh4 Re1+ 28. Kh2 Rxb1 29. Rg4 Re1 30. h4 Re5 31. g3 h5 32. Rf4 Kh7 33. Rf5 Rg6 34. Qxf7+ Qxf7 35. Rxf7+ Rg7 36. Rf6 Re2+ 37. Kh3 Re3 38. Rxd6 Rexg3+ 39. Kh2 Rg2+ 40. Kh1 Rxa2 41. Re6 Rf7 42. Kg1 Rd2 43. d6 Kg7 44. c5 a5 45. Re5 Kf6 46. Rxh5 Ke6 47. Rh6+ Kd7 48. Rh8 Kc6 49. Rc8+ Kb5 50. Rc7 Rf4 51. Rxb7+ Kxc5 52. d7 Kc6 53. Ra7 Rxd7 54. Ra6+ Kb5 55. Ra8 Rdd4 56. Rb8+ Kc5 57. Rc8+ Kb4 58. h5 Rh4 59. Rh8 Rd5 60. h6 Kxb3 61. h7 Ka4 62. Rg8 Rxh7 63. Rg4+ Kb5 64. Rg2 Rc5 65. Rb2+ Ka6 66. Ra2 Rb7 67. Kg2 Rf7 68. Kg3 Rc4 69. Kh3 Kb5 70. Rb2+ Rb4 71. Ra2 a4 0-1


[Site "https://www.chess.com"]

[Event "Titled Tuesday Blitz July 26 Late 2022"]
[White "Salem, A.R. Saleh"]
[Black "Bartholomew, John"]
[WhiteFideId "9301348"]
[BlackFideId "2019353"]
[WhiteElo "2679"]
[BlackElo "2764"]
[Result "1-0"]
[Round "08"]
[TimeControl "180+1"]
[Date "2022.07.26"]
[WhiteClock "0:01:29"]
[BlackClock "0:00:06"]

1. d4 d6 2. e4 Nf6 3. f3 e5 4. d5 Be7 5. Be3 O-O 6. Qd2 c6 7. c4 a5 8. Ne2 Na6 9. Nec3 Nd7 10. Na3 Ndc5 11. Be2 f5 12. O-O f4 13. Bf2 g5 14. Rfd1 h5 15. Qe1 Rf7 16. Rd2 g4 17. Kh1 Rg7 18. Bf1 h4 19. Rad1 h3 20. dxc6 bxc6 21. Nab5 hxg2+ 22. Bxg2 cxb5 23. cxb5 Qe8 24. bxa6 Rxa6 25. Nd5 Bd8 26. Bxc5 dxc5 27. Nb4 Be7 28. Nxa6 gxf3 29. Bxf3 Bxa6 30. Rg2 Rxg2 31. Bxg2 Qg6 32. Qf2 Qg4 33. Rg1 Kf8 34. Bf1 Qh5 35. Bxa6 1-0


[Site "https://www.chess.com"]

[Event "Titled Tuesday Blitz July 26 Late 2022"]
[White "Schekachikhin, Maksim"]
[Black "Leitao, Rafael"]
[WhiteFideId "24177830"]
[BlackFideId "2101246"]
[WhiteElo "2239"]
[BlackElo "2609"]
[Result "0-1"]
[Round "08"]
[TimeControl "180+1"]
[Date "2022.07.26"]
[WhiteClock "0:01:52"]
[BlackClock "0:01:20"]

1. d4 Nf6 2. c4 e6 3. Nc3 Bb4 4. Qc2 c5 5. dxc5 O-O 6. Nf3 Na6 7. g3 Nxc5 8. Bg2 b6 9. O-O Bb7 10. Nb5 Nce4 11. Ng5 d5 12. Nxe4 Nxe4 13. Rd1 Qf6 14. Bxe4 dxe4 15. Be3 Rfd8 16. b3 a6 17. a3 axb5 0-1


[Site "https://www.chess.com"]

[Event "Titled Tuesday Blitz July 26 Late 2022"]
[White "Schwabeneder, Florian"]
[Black "Golubev, Mikhail"]
[WhiteFideId "1626191"]
[BlackFideId "14100983"]
[WhiteElo "2275"]
[BlackElo "2374"]
[Result "0-1"]
[Round "08"]
[TimeControl "180+1"]
[Date "2022.07.26"]
[WhiteClock "0:00:05"]
[BlackClock "0:00:08"]

1. e4 c5 2. Nf3 d6 3. c3 Nf6 4. Be2 Nc6 5. d4 cxd4 6. cxd4 d5 7. e5 Ne4 8. O-O e6 9. Be3 Be7 10. Ne1 f5 11. exf6 Nxf6 12. Nc3 Bd6 13. Nf3 O-O 14. Bg5 Qe8 15. Bh4 Nh5 16. Bg3 Nf4 17. Bb5 Bd7 18. Re1 Qg6 19. Bxc6 Bxc6 20. Ne5 Bxe5 21. Rxe5 Nd3 22. Re2 Rae8 23. Qd2 e5 24. dxe5 d4 25. Nb1 Nf4 26. Na3 Nxg2 27. Qxd4 Nf4 28. Rd2 Ne6 29. Qe3 Ng5 30. f4 Nh3+ 31. Kf1 Qg4 32. Ke1 Nxf4 33. Rd4 Ng2+ 34. Kd2 Nxe3 35. Rxg4 Nxg4 36. Nc4 Bd5 37. Nd6 Nxe5 38. Nxe8 Rxe8 39. Kc3 Nf3 40. b3 Bc6 41. Kc4 h6 42. a4 Rf8 43. Kc5 a6 44. Rd1 Rf7 45. Kb6 Kh7 46. Rd8 h5 47. b4 h4 48. Bd6 Bxa4 49. Bc5 Bc6 50. h3 Ne5 51. Bd4 Nc4+ 52. Kc5 Nd2 53. Be5 Ne4+ 54. Kd4 Ng3 55. Ke3 Re7 56. Kf4 Nh5+ 57. Kf5 g6+ 58. Kg5 Rxe5+ 59. Kxh4 Ng7 0-1


[Site "https://www.chess.com"]

[Event "Titled Tuesday Blitz July 26 Late 2022"]
[White "Shohat, Yotam"]
[Black "Keller, Peter"]
[WhiteFideId "2813955"]
[BlackFideId "1272105"]
[WhiteElo "2119"]
[BlackElo "2275"]
[Result "0-1"]
[Round "08"]
[TimeControl "180+1"]
[Date "2022.07.27"]
[WhiteClock "0:00:03"]
[BlackClock "0:00:24"]

1. c4 e5 2. Nc3 Bb4 3. Nd5 Be7 4. d4 d6 5. e4 Nf6 6. Nxe7 Qxe7 7. f3 O-O 8. Ne2 a5 9. Be3 c5 10. dxc5 dxc5 11. Qb3 Nc6 12. O-O-O Nd4 13. Qc3 Be6 14. a4 Qe8 15. b3 b5 16. axb5 a4 17. bxa4 Rxa4 18. Ng3 Qa8 19. Kb1 Ra3 20. Bxd4 cxd4 21. Qb2 Qa4 22. Rd3 Rxd3 23. Bxd3 Bxc4 24. Bxc4 Qxc4 25. Rd1 g6 26. f4 Rb8 27. fxe5 Rxb5 28. exf6 Rxb2+ 29. Kxb2 Qb4+ 0-1


[Site "https://www.chess.com"]

[Event "Titled Tuesday Blitz July 26 Late 2022"]
[White "Silva, Miguel Antonio Neto"]
[Black "Ismagilov, Damir"]
[WhiteFideId "1911929"]
[BlackFideId "34199982"]
[WhiteElo "2223"]
[BlackElo "2138"]
[Result "0-1"]
[Round "08"]
[TimeControl "180+1"]
[Date "2022.07.26"]
[WhiteClock "0:00:03"]
[BlackClock "0:00:26"]

1. Nf3 d5 2. d4 c6 3. c4 e6 4. Nc3 dxc4 5. a4 Bb4 6. e3 b5 7. Bd2 Bb7 8. Ne5 Nf6 9. Be2 O-O 10. Bf3 Bxc3 11. bxc3 a6 12. Rb1 Qc7 13. O-O Nbd7 14. Nxd7 Qxd7 15. e4 c5 16. e5 Bxf3 17. Qxf3 Nd5 18. Qg3 Kh8 19. dxc5 bxa4 20. Qg4 Qc7 21. Qxc4 Qxe5 22. Rfe1 Qc7 23. Be3 Nxe3 24. Rxe3 Rfc8 25. Qxa4 Qxc5 26. h3 Ra7 27. Rd3 Qe7 28. Rbd1 h6 29. Rd7 Rxd7 30. Rxd7 Qf6 31. Qxa6 Rxc3 32. Qa8+ Kh7 33. Qe4+ g6 34. Qd4 Qxd4 35. Rxd4 Kg7 36. g3 e5 37. Ra4 Rc5 38. Kg2 h5 39. Rb4 f5 40. h4 e4 41. Rb6 Rc2 42. Kf1 Rc7 43. Rd6 Re7 44. Rc6 Kf7 45. Ke2 Re6 46. Rc8 Ra6 47. Rc5 Kf6 48. Rb5 Ra2+ 49. Ke3 Ra3+ 50. Ke2 Rf3 51. Rb6+ Kg7 52. Rb7+ Kh6 53. Rb6 f4 54. gxf4 Rxf4 55. Re6 Rxh4 56. Ke3 Rg4 57. Rf6 h4 58. Rf8 g5 59. Rg8 Rg2 60. Rf8 Rg4 61. Rg8 Kh7 62. Rf8 h3 0-1


[Site "https://www.chess.com"]

[Event "Titled Tuesday Blitz July 26 Late 2022"]
[White "Souleidis, Georgios"]
[Black "Tanenbaum, Zachary"]
[WhiteFideId "4206827"]
[BlackFideId "2060850"]
[WhiteElo "2401"]
[BlackElo "2175"]
[Result "0-1"]
[Round "08"]
[TimeControl "180+1"]
[Date "2022.07.26"]
[WhiteClock "0:00:05"]
[BlackClock "0:00:18"]

1. e4 e5 2. Nf3 Nc6 3. Bc4 Nf6 4. d3 Be7 5. O-O O-O 6. Re1 d6 7. a4 Be6 8. Nc3 Qd7 9. a5 a6 10. Nd5 Bxd5 11. exd5 Nb4 12. d4 exd4 13. Nxd4 Nbxd5 14. Qf3 c6 15. Nf5 Rae8 16. Bg5 Bd8 17. c3 Re5 18. Rxe5 dxe5 19. Rd1 e4 20. Qh3 Nf4 21. Nh6+ gxh6 22. Qxd7 Nxd7 23. Bxf4 Nf6 24. Bxh6 Re8 25. b4 Bc7 26. Bg5 Rd8 27. Rxd8+ Bxd8 28. Kf1 Kg7 29. Ke2 Bc7 30. h3 Be5 31. Bd2 Nd5 32. Bxd5 cxd5 33. f3 f5 34. g4 Kf6 35. gxf5 Kxf5 36. Be1 Kf4 37. fxe4 Kxe4 38. Bd2 d4 39. cxd4 Kxd4 40. Kf3 Kd3 41. Be1 Bc3 42. Bf2 Bxb4 43. Bb6 Kc4 44. Kg4 Kb5 45. Kh5 Bxa5 46. Be3 Bb6 47. Bc1 Bd4 48. Kh6 a5 49. Kh5 a4 50. Kh6 Kb4 51. Kxh7 a3 52. Bxa3+ Kxa3 0-1


[Site "https://www.chess.com"]

[Event "Titled Tuesday Blitz July 26 Late 2022"]
[White "Tinmaz, Kerem"]
[Black "Flis, Pawel"]
[WhiteFideId "44559151"]
[BlackFideId "1112864"]
[WhiteElo "1443"]
[BlackElo "1735"]
[Result "1-0"]
[Round "08"]
[TimeControl "180+1"]
[Date "2022.07.27"]
[WhiteClock "0:00:02"]
[BlackClock "0:00:01"]

1. e4 c5 2. Nc3 Nc6 3. Bb5 Nd4 4. Bc4 e6 5. Nge2 a6 6. Nxd4 cxd4 7. Ne2 d5 8. exd5 exd5 9. Bb3 d3 10. cxd3 Nf6 11. O-O Bd6 12. d4 Bxh2+ 13. Kxh2 Ng4+ 14. Kg3 Qg5 15. f4 Qg6 16. Bc2 f5 17. Kf3 Nh2+ 18. Kf2 Nxf1 19. Qxf1 O-O 20. g3 Bd7 21. Ng1 Bb5 22. Bd3 Bxd3 23. Qxd3 Rae8 24. Nf3 Qh5 25. b3 Qh3 26. Ba3 Qg4 27. Bxf8 Rxf8 28. Ne5 Qh3 29. Qf3 Qh2+ 30. Qg2 Qh5 31. Rh1 Qe8 32. Qxd5+ Kh8 33. Qd7 Qxd7 34. Nxd7 Rd8 35. Ne5 Kg8 36. Ke3 Rc8 37. Nd3 Rc2 38. Rc1 Rxa2 39. Rc8+ 1-0


[Site "https://www.chess.com"]